Map: Central Protocol

Players

Miszu

  • Race: Terran Terran
  • League: Master

Khyira - Winner!

  • Race: Terran Terran
  • League: Master

VOD

Have the link to the VOD?

Description

Time

  • Played on: March 12, 2016, 4:39 p.m.
  • Length: 3:29
Show
View Real Time Build Order
Export as new Build Order

Miszu Terran 

Build Orders: 1/1/1 

Get SALT Encoding   

  12  0:01  SCV  
  13  0:13  SCV  
  14  0:19  Supply Depot  
  14  0:25  SCV  
  15  0:35  Refinery  
  15  0:41  SCV  
  16  0:45  Barracks  
  16  0:53  SCV  
  16  0:55  Refinery  
  17  1:05  SCV  
  18  1:17  SCV  
  20  1:34  Factory  
  20  1:36  Orbital Command  
  20  1:37  Reaper  
  20  1:44  Supply Depot  
  20  2:02  SCV  
  21  2:09  Reaper  
  21  2:14  SCV  
  23  2:18  Hellion  
  23  2:20  Starport  
  25  2:26  SCV  
  25  2:28  Supply Depot  
  26  2:39  Hellion  
  28  2:45  SCV  
  28  2:46  Reaper  
  30  2:57  SCV  
  31  3:01  Hellion  
  36  3:09  SCV  
Show
View Real Time Build Order
Export as new Build Order

Khyira Terran - Winner!

Build Orders: 1/1/1 

Get SALT Encoding   

  12  0:01  SCV  
  13  0:13  SCV  
  14  0:18  Supply Depot  
  14  0:25  SCV  
  15  0:35  Refinery  
  15  0:39  SCV  
  16  0:46  Barracks  
  16  0:52  SCV  
  17  0:58  Refinery  
  17  1:04  SCV  
  18  1:16  SCV  
  19  1:32  Orbital Command  
  19  1:33  Reaper  
  19  1:39  Factory  
  20  1:51  Supply Depot  
  20  2:00  SCV  
  21  2:05  Reaper  
  22  2:16  SCV  
  23  2:24  Hellion  
  23  2:26  Starport  
  25  2:35  SCV  
  26  2:39  Supply Depot  
  26  2:40  Reaper  
  26  2:47  Hellion  
  26  2:49  SCV  
  29  3:03  SCV  
Tags
 
Add a new tag
Caveats
  • Supply blocks, unpowered buildings, or Contaminate may cause inaccurate times.
  • Supply counts are checked every 10 seconds.